 Dungeon Crawl Stone Soup version 0.25.0-15-gac7dcb8919 (webtiles) character file.

Game seed: 9003824116980886071

2552 EriolAelfwine the Grappler (level 9, -14/79 HPs)
             Began as a Ghoul Monk on June 29, 2020.
             Was a Believer of Makhleb.
             Demolished by Harold
             ... wielding a +0 battleaxe
              (20 damage)
             ... on level 7 of the Dungeon.
             The game lasted 00:19:25 (7969 turns).

EriolAelfwine the Grappler (Ghoul Monk)             Turns: 7969, Time: 00:19:25

Health: -14/79     AC:  3    Str: 18    XL:     9   Next: 56%
Magic:  10/10      EV: 13    Int:  8    God:    Makhleb [**....]
Gold:   475        SH:  6    Dex: 15    Spells: 6/8 levels left

rFire    . . .     SeeInvis .     - Unarmed
rCold    + . .     Gourm    .   n - +1 buckler
rNeg     + + +     Faith    .   w - +0 leather armour of the Little Devil {Str+3 Dex+4}
rPois    ∞         Spirit   .   (no helmet)
rElec    .         Reflect  .   (no cloak)
rCorr    .         Harm     .   (no gloves)
MR       .....                  (no boots)
Stlth    ++........             (no amulet)
HPRegen  0.00/turn              (no ring)
MPRegen  0.12/turn              (no ring)

@: marked, rotting
A: rotting body, claws 1, carnivore, cold resistance 1, negative energy
resistance 3, inhibited regeneration, torment resistance, unbreathing
a: Minor Destruction, Renounce Religion


You were on level 7 of the Dungeon.
You worshipped Makhleb.
Makhleb was pleased with you.
You were not hungry.

You visited 2 branches of the dungeon, and saw 8 of its levels.
You also visited: Sewer.

You collected 475 gold pieces.

Inventory:

Hand Weapons
 l - a +1 mace
Missiles
 v - 5 poisoned darts (quivered)
Armour
 n - a +1 buckler (worn)
 w - the +0 leather armour of the Little Devil (worn) {Str+3 Dex+4}
   (You found it on level 6 of the Dungeon)

   It affects your strength (+3).
   It affects your dexterity (+4).
Jewellery
 c - an uncursed ring of ice
Wands
 q - a wand of flame (17)
 t - a wand of acid (12)
Scrolls
 a - 5 scrolls of remove curse
 i - a scroll of enchant armour
 k - 3 scrolls of teleportation
Potions
 e - a potion of heal wounds {unknown}
 f - 4 potions of brilliance
 g - 2 potions of magic
 m - 4 potions of curing
 o - 2 potions of stabbing
 r - a potion of might
 s - 5 potions of flight
Comestibles
 b - 10 rations
 d - a chunk of flesh


   Skills:
 + Level 7.1 Fighting
 - Level 4.0 Armour
 + Level 3.5 Dodging
 - Level 2.1 Stealth
 - Level 4.0 Shields
 * Level 9.5 Unarmed Combat
 + Level 3.3 Invocations


You had 6 spell levels left.
You knew the following spells:

 Your Spells              Type           Power        Failure   Level  Hunger
a - Blink                 Tloc           N/A          61%         2    ###....

Your spell library contained the following spells:

 Spells                   Type           Power        Failure   Level  Hunger
 Sting                    Tmut/Pois      #...         45%         1    ##.....
 Shroud of Golubria       Chrm/Tloc      #.....       61%         2    ###....
 Lesser Beckoning         Tloc           #.........   83%         3    ####...
 Alistair's Intoxication  Tmut/Pois      #.......     100%        5    ######.
 Dragon Form              Tmut           Unusable     N/A         7    N/A

Dungeon Overview and Level Annotations

Branches:
Dungeon (7/15)             Temple (1/1) D:6           Sewer (visited)

Altars:
Ashenzari
Cheibriados
Dithmenos
Elyvilon
Fedhas
Gozag
Hepliaklqana
Kikubaaqudgha
Makhleb
Nemelex Xobeh
Qazlal
Ru
Sif Muna
Trog
Uskayaw
Vehumet
Wu Jian
Xom
Yredelemnul
Zin
The Shining One

Annotations:
D:7 Harold


Innate Abilities, Weirdness & Mutations

Your body is rotting away.
You thrive on raw meat.
You are immune to poison.
You have sharp fingernails.
You are carnivorous and can eat meat at any time.
Your flesh is cold resistant. (rC+)
You are immune to negative energy. (rN+++)
You do not regenerate when monsters are visible.
You are immune to unholy pain and torment.
You can survive without breathing.


Message History

Harold is moderately wounded.
Harold hits you with a +0 battleaxe.
You claw Harold!
Harold is heavily wounded.
Harold casts a spell at you. A sentinel's mark forms upon you.
You claw Harold!
Harold is severely wounded.
You barely miss Harold.
Harold is severely wounded.
Harold hits you with a +0 battleaxe!!
You claw Harold!
Harold is severely wounded.
Harold hits you with a +0 battleaxe!!
* * * LOW HITPOINT WARNING * * *
You are too injured to fight recklessly!
There is a stone staircase leading up here.
You see here a throwing net.
Harold hits you with a +0 battleaxe!!
You die...

#..###..### #..## .##..#
###..###...# ....# ##..###..##
### #..# ##..# ###.### ..# ##..##
##.### ##..## ..## ##....###.##
##..# #..# ##..##..#.## #..# #..#
##.#####@..# ### #..# ##.###..#
#@.## ##.####..# #......##
##...#####..##....# #
#..@...#####.##..##..####....#
####..####..#..####.....###......
......# ###.### ##....##.......
....### ### #...........## .####
#..##(..##..# ## #..####.###.# #
#.## ##.# #.#


You could see Harold (strong).

Vanquished Creatures
  2 ice beasts (D:6)
  A sky beast (D:5)
  2 ogres
  4 centaurs
  5 bullfrogs
  2 scorpions
  11 killer bees (D:7)
  3 vampire bats (D:5)
  A bullfrog zombie (D:6)
  A hound (D:4)
  An orc wizard (D:4)
  2 iguanas
  A merfolk siren (Sewer)
  9 worker ants
  A merfolk avatar (Sewer)
  3 hound skeletons
  3 gnolls (D:5)
  A river rat (Sewer)
  12 adders
  3 adder skeletons (D:6)
  6 worms
  4 dart slugs
  10 leopard geckos
  17 orcs
  5 bats
  4 bat skeletons (D:5)
  2 bat zombies (D:5)
  7 giant cockroaches
  8 goblins
  13 hobgoblins
  8 jackals
  2 quokkas
  3 ball pythons (Sewer)
  6 frilled lizards
  9 kobolds
  A leopard gecko skeleton (D:5)
  A quokka zombie (D:5)
  34 rats
208 creatures vanquished.

Notes
Turn   | Place    | Note
-------+----------+-------------------------------------------
     0 | D:1      | EriolAelfwine the Ghoul Monk began the quest for the Orb.
     0 | D:1      | Reached XP level 1. HP: 19/19 MP: 0/0
   215 | D:1      | Reached XP level 2. HP: 26/26 MP: 1/1
   526 | D:1      | Reached skill level 4 in Unarmed Combat
   874 | D:1      | Reached XP level 3. HP: 33/33 MP: 2/2
  1860 | D:2      | Reached XP level 4. HP: 35/40 MP: 3/3
  2310 | D:2      | Found a white marble altar of Elyvilon.
  2429 | D:2      | Reached skill level 5 in Unarmed Combat
  2839 | D:3      | Reached skill level 1 in Armour
  2839 | D:3      | Reached XP level 5. HP: 46/46 MP: 4/4
  2843 | D:3      | Reached skill level 1 in Shields
  3730 | D:4      | Noticed a sky beast
  3735 | D:4      | You fall into a shaft and drop 1 floor!
  3735 | D:5      | Entered Level 5 of the Dungeon
  3735 | D:5      | Noticed a centaur
  3748 | D:5      | Killed a centaur
  3748 | D:5      | Reached XP level 6. HP: 13/50 MP: 5/5
  3763 | D:4      | HP: 1/50 [jackal (2)]
  3857 | D:5      | Reached skill level 6 in Unarmed Combat
  4044 | D:5      | Found a glowing drain.
  4049 | Sewer    | Entered a sewer
  4130 | Sewer    | Reached XP level 7. HP: 59/60 MP: 6/6
  4281 | Sewer    | Reached skill level 5 in Fighting
  4483 | Sewer    | Identified Wiariyh's Reference Book on Transformation and
                  | the Voyage
  4488 | Sewer    | Learned a level 2 spell: Blink
  4620 | D:5      | Found a stormy altar of Qazlal.
  4703 | D:5      | Reached skill level 7 in Unarmed Combat
  5003 | D:4      | Reached XP level 8. HP: 38/68 MP: 7/7
  5314 | D:4      | You fall into a shaft and drop 1 floor!
  5835 | D:4      | Found a glowing golden altar of the Shining One.
  5835 | D:4      | Found a blossoming altar of Fedhas.
  5847 | D:4      | Found a sparkling altar of Nemelex Xobeh.
  5849 | D:4      | Found a faded altar of an unknown god.
  5851 | D:4      | Found a shimmering altar of Xom.
  6038 | D:5      | Found an ancient bone altar of Kikubaaqudgha.
  6210 | D:6      | Reached skill level 8 in Unarmed Combat
  6476 | D:6      | Found a staircase to the Ecumenical Temple.
  6481 | Temple   | Entered the Ecumenical Temple
  6503 | Temple   | Became a worshipper of Makhleb the Destroyer
  6503 | Temple   | Reached * piety under Makhleb
  6503 | Temple   | Reached ** piety under Makhleb
  6758 | D:6      | Reached skill level 1 in Invocations
  6776 | D:6      | Reached XP level 9. HP: 51/77 MP: 7/9
  7078 | D:6      | Found a radiant altar of Vehumet.
  7233 | D:6      | Reached skill level 9 in Unarmed Combat
  7237 | D:6      | Got a warped leather armour
  7248 | D:6      | Identified the cursed +0 leather armour of the Little Devil
                  | {Str+3 Dex+4} (You found it on level 6 of the Dungeon)
  7930 | D:7      | Noticed Harold
  7969 | D:7      | Demolished by Harold

Illustrated notes

Levels and vault maps discovered:
D:1:      shiori_arrival_maze, layout_loops_corners
D:2:      minmay_chambers_of_ones, layout_basic, overflow_temple_1_default
D:3:      layout_loops_ring, first_ration
D:4:      layout_basic, chequers_temple_overflow_minitemple,
          serial_corexii_hall, corexii_hall_statues_i, corexii_hall_statues_u,
          minmay_pentomino_pile
D:5:      layout_rooms, kennysheep_vampire_church,
          nicolae_qazlal_general_emergency, gup_sewer_entry_bowl
D:6:      layout_basic, lemuel_crystal_altar, temple_doors_ab
D:7:      cheibrodos_quashed, layout_layer_cave, kennysheep_mini, uniq_harold
Temple:   nicolae_temple_god_jail

Skill      XL: |  1  2  3  4  5  6  7  8  9 |
---------------+----------------------------+-----
Unarmed Combat | 4 5 6 7 8 9 |  9.5
Fighting       | 4 5 6 7 |  7.1
Armour         | 1 2 3 4 |  4.0
Shields        | 1 2 4 |  4.0
Invocations    | 1 3 |  3.3
Dodging        | 3 |  3.5
Stealth        | |  2.1

Action                   |  1- 3 |  4- 6 |  7- 9 || total
-------------------------+-------+-------+-------++-------
Melee: Unarmed           |   147 |   279 |   460 ||   886
  Use: Scroll            |       |     9 |    10 ||    19
 Stab: Sleeping          |     3 |       |     1 ||     4
  Eat: Chunk             |     4 |    25 |    17 ||    46
Armor: Robe              |     3 |       |       ||     3
       Chain mail        |    71 |   150 |   191 ||   412
       Leather armour    |       |       |     6 ||     6
Dodge: Dodged            |    53 |    65 |   164 ||   282
Block: Buckler           |     2 |    61 |   124 ||   187
